 Dungeon Crawl Stone Soup version 0.19-a0-1457-g32fba05 (webtiles) character file.

298 Amnesiac the Grave Robber (level 6, -3/32 HPs)
             Began as a Deep Elf Necromancer on Sept 7, 2016.
             Slain by a phantom (9 damage)
             ... on level 5 of the Dungeon.
             The game lasted 00:06:44 (2355 turns).

Amnesiac the Grave Robber (Deep Elf Necromancer)    Turns: 2355, Time: 00:06:45

Health: -3/32      AC:  2    Str:  5    XL:     6   Next: 13%
Magic:  7/17       EV: 13    Int: 20    God:
Gold:   117        SH:  0    Dex: 17    Spells: 5 memorised, 6 levels left

rFire  + . .     SeeInvis .     l - +0 mace
rCold  . . .     Gourm    .     a - +0 robe
rNeg   . . .     Faith    .     (no shield)
rPois  .         Spirit   .     (no helmet)
rElec  .         Dismiss  .     (no cloak)
rCorr  .         Reflect  .     (no gloves)
MR     .....     Harm     .     (no boots)
Stlth  ++........               (no amulet)
                                (no ring)
                                m - ring of protection from fire

@: regenerating
A: no striking features
a: no special abilities


You were on level 5 of the Dungeon.
You were not hungry.

You visited 1 branch of the dungeon, and saw 5 of its levels.

You collected 117 gold pieces.

Inventory:

Hand Weapons
 l - a +0 mace (weapon)
Armour
 a - a +0 robe (worn)
Jewellery
 m - a ring of protection from fire (left hand)
 r - an uncursed ring of poison resistance {unknown}
Scrolls
 d - a scroll of fog {unknown}
 e - a scroll of remove curse {unknown}
 f - 4 scrolls of identify {unknown}
 i - a scroll of noise {unknown}
 j - a scroll of magic mapping {unknown}
 n - a scroll of recharging {unknown}
 q - a scroll of fear {unknown}
Potions
 g - 2 potions of curing {unknown}
 h - a potion of flight {unknown}
 k - a potion of magic {unknown}
 p - a potion of heal wounds {unknown}
 s - 2 potions of haste {unknown}
Books
 b - a book of Necromancy

   Spells                             Type                      Level
   a - Pain                           Necromancy                   1
   b - Animate Skeleton               Necromancy                   1
   c - Vampiric Draining              Necromancy                   3
   d - Regeneration                   Charms/Necromancy            3
   e - Animate Dead                   Necromancy                   4
   f - Control Undead                 Necromancy                   4
 o - a book of Cantrips

   Spells                             Type                      Level
   a - Confusing Touch                Hexes                        1
   b - Animate Skeleton               Necromancy                   1
   c - Summon Small Mammal            Summoning                    1
   d - Apportation                    Translocation                1
Comestibles
 c - a bread ration
 u - a meat ration


   Skills:
 - Level 2.4 Dodging
 - Level 2.4 Stealth
 + Level 6.5 Spellcasting
 + Level 7.1 Necromancy


You had 6 spell levels left.
You knew the following spells:

 Your Spells              Type           Power        Failure   Level  Hunger
a - Control Undead        Necr           #####.....   8%          4    ###....
b - Animate Skeleton      Necr           N/A          1%          1    None
f - Vampiric Draining     Necr           #####.....   1%          3    #......
r - Regeneration          Chrm/Necr      ###.......   10%         3    #......
z - Pain                  Necr           ####         1%          1    None


Dungeon Overview and Level Annotations

Branches:
Dungeon (5/15)
 Temple: D:4-7

Altars:

Annotations:
D:5 Grinder


Message History

You closely miss the phantom.
The phantom is lightly damaged.
The phantom hits you.
The phantom blinks!
You completely miss the phantom.
The phantom is lightly damaged.
The phantom hits you!
* * * LOW HITPOINT WARNING * * *
You closely miss the phantom.
The phantom is lightly damaged.
Your skin stops crawling.
The phantom hits you.
* * * LOW HITPOINT WARNING * * *
The phantom hits you.
* * * LOW HITPOINT WARNING * * *
The phantom blinks!
Casting: Regeneration
Confirm with . or Enter, or press ? or * to list all spells.
Your skin crawls.
The phantom blinks!
The phantom hits you!
You die...

######## #......#
#......################
#.(....#...............
####..................####
.......<..............# #
####.....W#...........# #
#.....@............# #
#ยง.....#...........# #
####.###.......##### #
#..# #....#...####### #.##
#............... #.
###..#..######## ..
#.###.# .. #.# #.# #.. #..


You could see a phantom.

Vanquished Creatures
  A howler monkey (D:4)
  A hound (D:4)
  An orc priest (D:3)
  3 worker ants (D:4)
  A howler monkey skeleton (D:4)
  A gnoll (D:3)
  7 adders
  2 worms (D:4)
  2 orcs (D:3)
  4 bats
  2 giant cockroaches
  4 goblins
  A hobgoblin (D:3)
  7 jackals
  A quokka (D:4)
  A ball python (D:4)
  2 giant newts
  A kobold (D:1)
  7 rats
49 creatures vanquished.

Notes
Turn   | Place    | Note
-------+----------+-------------------------------------------
     0 | D:1      | Amnesiac the Deep Elf Necromancer began the quest for the Orb.
     0 | D:1      | Reached XP level 1. HP: 10/10 MP: 6/6
   122 | D:1      | Reached skill level 5 in Necromancy
   205 | D:2      | Reached XP level 2. HP: 4/15 MP: 1/8
   813 | D:3      | Reached XP level 3. HP: 19/19 MP: 8/10
   818 | D:3      | Learned a level 3 spell: Vampiric Draining
   822 | D:3      | Learned a level 3 spell: Regeneration
  1027 | D:3      | Reached XP level 4. HP: 10/24 MP: 4/12
  1145 | D:3      | Reached skill level 5 in Spellcasting
  1201 | D:3      | Learned a level 4 spell: Control Undead
  1203 | D:3      | Learned a level 1 spell: Animate Skeleton
  1242 | D:4      | Reached skill level 6 in Necromancy
  1364 | D:4      | Reached XP level 5. HP: 22/28 MP: 8/15
  1899 | D:4      | Reached skill level 7 in Necromancy
  2011 | D:4      | Reached XP level 6. HP: 30/32 MP: 13/17
  2241 | D:5      | Entered Level 5 of the Dungeon
  2274 | D:5      | Noticed Grinder
  2355 | D:5      | Slain by a phantom

Vault maps used:
D:1:      nagdon_arrival_double_spiral, serial_bayou_pond_a, minivault_24
D:2:      first_bread, hangedman_feature_mirror
D:3:      ecumenical_altar_2, minmay_crystal_water, uniq_robin
D:4:      enter_ossuary_2
D:5:      uniq_prince_ribbit1, uniq_pikel, uniq_grinder

Skill      XL: |  1  2  3  4  5 |
---------------+----------------+-----
Necromancy     | 5 6 7 |  7.1
Spellcasting   | 4 5 6 |  6.5
Dodging        | |  2.4
Stealth        | |  2.4

Action                   |  1- 3 |  4- 6 || total
-------------------------+-------+-------++-------
Melee: Unarmed           |       |    19 ||    19
       Mace              |       |    25 ||    25
 Cast: Pain              |    38 |    52 ||    90
       Vampiric Draining |     2 |     9 ||    11
       Regeneration      |       |    11 ||    11
  Eat: Chunk             |       |     5 ||     5
Armor: Robe              |     1 |     7 ||     8
Dodge: Dodged            |     1 |    35 ||    36
